 Dungeon Crawl Stone Soup version 0.29.1-1-gd02db69 (webtiles) character file.

Game seed: 2249449385569433926

60 Jonnyslop the Cudgeller (level 3, -3/37 HPs)
             Began as a Troll Fighter on Mar 2, 2023.
             Was a Believer of Uskayaw.
             Slain by an orc
             ... wielding a +4 whip
              (7 damage)
             ... on level 3 of the Dungeon.
             The game lasted 00:04:04 (1386 turns).

Jonnyslop the Cudgeller (Troll Fighter)             Turns: 1386, Time: 00:04:05

Health: -3/37      AC:  4    Str: 26    XL:     3   Next: 80%
Magic:  2/2        EV: 10    Int:  4    God:    Uskayaw [**....]
Gold:   128        SH:  0    Dex:  9    Spells: 2/2 levels left

rFire   . . .      SeeInvis .   a - +0 flail
rCold   . . .      Faith    .   (no shield)
rNeg    . . .      Spirit   .   b - +0 robe
rPois   .          Reflect  .   (helmet restricted)
rElec   .          Harm     .   (no cloak)
rCorr   .          Rampage  .   (gloves unavailable)
Will    .....                   (boots unavailable)
Stlth   +.........              (no amulet)
HPRegen 0.92/turn               (no ring)
MPRegen 0.08/turn               (no ring)

@: no status effects
A: large, unfitting armour, claws 3, regeneration 1, shaggy fur 1, tough skin 1
a: Renounce Religion, Stomp, Line Pass


You were on level 3 of the Dungeon.
You worshipped Uskayaw.
Uskayaw was noncommittal.
You visited 1 branch of the dungeon, and saw 3 of its levels.

You collected 128 gold pieces.

Inventory:

Hand Weapons
 a - a +0 flail (weapon)
Armour
 b - a +0 robe (worn)
 c - a +0 kite shield
Scrolls
 i - a scroll of teleportation {unknown}
 m - a scroll of acquirement {unknown}
 n - 2 scrolls of blinking {unknown}
 q - a scroll of magic mapping {unknown}
Potions
 d - 2 potions of might
 e - a potion of haste
 g - a potion of attraction {unknown}
 h - a potion of invisibility {unknown}
 j - 2 potions of berserk rage
 k - a potion of mutation {unknown}
 l - 2 potions of curing {unknown}
 o - 2 potions of brilliance
 p - a potion of lignification {unknown}


   Skills:
 + Level 3.0 Fighting
 * Level 3.3 Maces & Flails
 - Level 2.4 Dodging
 - Level 2.6 Shields


You had 2 spell levels left.
You didn't know any spells.
Your spell library contained the following spells:

 Spells                   Type           Power      Damage    Failure   Level
 Shock                    Conj/Air       0%         1d3       50%         1
 Stone Arrow              Conj/Erth      0%         3d7       86%         3
 Swiftness                Air            0%         N/A       86%         3
 Airstrike                Air            0%         2d(0-16)  99%         4
 Iskenderun's Mystic Bla  Conj/Tloc      0%         2d3       99%         4
 Malign Gateway           Summ/Tloc      0%         N/A       100%        7


Dungeon Overview and Level Annotations

Branches:
Dungeon (3/15)

Altars:
Uskayaw


Innate Abilities, Weirdness & Mutations

You are too large for most types of armour.
You have claws for hands.
Your natural rate of healing is unusually fast.
You are covered in fur. (AC +1)
You have tough skin. (AC +1)


Message History

You kill the orc!
The jackal bites you. The jackal closely misses you.
The orc hits you with a +4 whip. The jackal barely misses you.
The jackal bites you. The orc hits you with a +0 war axe.
Your Fighting skill increases to level 3!
You miss the jackal.
The jackal bites you but does no damage.
The jackal misses you. The orc hits you with a +4 whip!
The jackal completely misses you. The jackal bites you.
The jackal bites you but does no damage.
You closely miss the jackal. The jackal barely misses you.
The jackal bites you but does no damage.
The jackal completely misses you. The orc hits you with a +4 whip.
You hit the jackal.
The jackal is moderately wounded.
The jackal bites you but does no damage.
The jackal closely misses you. The jackal bites you.
The orc hits you with a +4 whip. The jackal completely misses you.
The jackal bites you. The jackal barely misses you.
You sock the jackal!
You kill the jackal!
The jackal barely misses you. The jackal closely misses you.
The orc closely misses you. The jackal barely misses you. The jackal bites you.
The orc hits you with a +4 whip.
You can now pass through a line of other dancers.
You hit the orc warrior but do no damage.
The jackal bites you but does no damage.
The jackal closely misses you. The orc barely misses you.
The orc warrior barely misses you. The jackal bites you.
You sock the orc warrior!
The orc warrior is moderately wounded.
The jackal barely misses you. The jackal bites you.
The orc hits you but does no damage.
The jackal bites you but does no damage.
Something hits you but does no damage.
The orc warrior hits you with a +0 long sword!
* * * LOW HITPOINT WARNING * * *
The jackal barely misses you. The jackal closely misses you.
The orc attacks as you move away! The orc hits you with a +4 whip!
You die...

....#. ##.......
#........#
#........#
#......... #
###........#
#.###..........#
#..o@ho.....$..###
##.#.h{†....?..(..
##.##o).......>...
.......†...........
###................
#.......)........
##......#..#.....
.##$..#.....#.....
..#.#.#....>...##


You could see an orc warrior, 2 orcs and 2 jackals.

Vanquished Creatures
  2 adders (D:2)
  An orc (D:3)
  A bat (D:2)
  8 endoplasms
  6 giant cockroaches
  2 hobgoblins
  6 jackals
  2 ball pythons (D:1)
  2 frilled lizards (D:1)
  2 goblins
  2 kobolds
  A rat (D:2)
35 creatures vanquished.

Notes
Turn   | Place    | Note
-------+----------+-------------------------------------------
     0 | D:1      | Jonnyslop the Troll Fighter began the quest for the Orb.
     0 | D:1      | Reached XP level 1. HP: 22/22 MP: 0/0
   180 | D:1      | Found a faded altar of an unknown god.
   203 | D:1      | Prayed at the altar of an unknown god.
   203 | D:1      | Became a worshipper of Uskayaw the Reveller
   203 | D:1      | Reached * piety under Uskayaw
   244 | D:1      | Reached XP level 2. HP: 29/29 MP: 1/1
   304 | D:1      | Reached ** piety under Uskayaw
   908 | D:2      | Got the Volume of the Twisted Ground
   990 | D:2      | Reached XP level 3. HP: 36/36 MP: 2/2
  1274 | D:3      | Noticed an orc warrior
  1351 | D:3      | Found a hide-covered altar of Uskayaw.
  1386 | D:3      | Slain by an orc

Illustrated notes

Levels and vault maps discovered:
D:1:      nzn_arrival_settlement, layout_basic, ebering_ecumenical_altar_mist,
          nrook_uturn
D:2:      layout_loops_ring, minmay_hedge_maze
D:3:      layout_rooms, lemuel_doored_altar, nicolae_overflow_crystal_walls,
          eat_drink_and_be_merry_uskayaw

Skill      XL: |  1  2  3 |
---------------+----------+-----
Maces & Flails | 2 3 |  3.3
Fighting       | 3 |  3.0
Dodging        | |  2.4
Shields        | |  2.6

Action                   || total
-------------------------++-------
Melee: Flail             ||    98
       Punch             ||     1
  Use: Scroll            ||     3
 Stab: Sleeping          ||     1
Armor: Robe              ||    48
Dodge: Dodged            ||    95
